 Dungeon Crawl Stone Soup version 0.29-a0-275-g389c0b56f3 (webtiles) character file.

Game seed: 3628053322970603071

101 oldriver the Vandal (level 4, 0/23 HPs)
             Began as a Spriggan Hunter on Mar 13, 2022.
             Killed from afar by a white imp (4 damage)
             ... with a puff of frost
             ... summoned by Natasha
             ... on level 2 of the Dungeon.
             The game lasted 00:02:16 (1706 turns).

oldriver the Vandal (Spriggan Hunter)               Turns: 1706, Time: 00:02:22

Health: 0/23       AC:  2    Str:  8    XL:     4   Next: 48%
Magic:  5/5        EV: 18    Int: 12    God:
Gold:   53         SH:  0    Dex: 17    Spells: 3/3 levels left

rFire   . . .      SeeInvis +   a - +1 hunting sling
rCold   . . .      Faith    .   (no shield)
rNeg    . . .      Spirit   .   b - +0 robe
rPois   .          Reflect  .   (helmet restricted)
rElec   .          Harm     .   (no cloak)
rCorr   .          Rampage  .   (gloves unavailable)
Will    .....                   (boots unavailable)
Stlth   +++.......              (no amulet)
HPRegen 0.07/turn               (no ring)
MPRegen 0.09/turn               (no ring)

@: slowed, quick
A: very small, no large weapons, unfitting armour, see invisible, speed 3
a: no special abilities


You were on level 2 of the Dungeon.
You visited 1 branch of the dungeon, and saw 3 of its levels.

You collected 53 gold pieces.

Inventory:

Hand Weapons
 a - a +1 hunting sling (weapon)
Armour
 b - a +0 robe (worn)
Scrolls
 c - a scroll of immolation
 d - a scroll of identify {unknown}
 f - a scroll of teleportation {unknown}
 g - a scroll of enchant weapon {unknown}
 h - a scroll of summoning {unknown}
 l - a scroll of silence {unknown}
Potions
 e - a potion of haste {unknown}
 i - a potion of mutation {unknown}
 j - a potion of resistance {unknown}
 k - a potion of invisibility {unknown}


   Skills:
 + Level 2.1 Fighting
 * Level 5.7 Slings
 + Level 3.5 Dodging
 * Level 4.2 Stealth


You had 3 spell levels left.
You didn't know any spells.
Your spell library was empty.

Dungeon Overview and Level Annotations

Branches:
Dungeon (3/15)

Altars:
The Shining One

Shops:
D:1 !

Annotations:
D:2 Natasha


Innate Abilities, Weirdness & Mutations

You are very small and have problems with some larger weapons.
You are too small for most types of armour.
You have supernaturally acute eyesight. (SInv)
You cover ground extremely quickly. (Speed+++)


Message History

You shoot a sling bullet. The sling bullet barely misses Natasha.
Natasha mumbles some strange words.
You shoot a sling bullet. The sling bullet barely misses Natasha.
Natasha casts a spell at you.
You feel yourself slow down.
You shoot a sling bullet.
The sling bullet closely misses Natasha.
The sling bullet hits the shadow imp but does no damage.
Natasha claws you! Natasha claws you. The shadow imp closely misses you.
The shadow imp attacks as you move away!
The shadow imp hits you but does no damage.
Natasha attacks as you move away! Natasha misses you.
Natasha casts a spell at you. The magic dart hits you.
* * * LOW HITPOINT WARNING * * *
Natasha mumbles some strange words.
Found 2 sedimented coppery potions.
A hobgoblin comes into view.
Natasha mumbles some strange words.
There is a shaft here.
You fall into a shaft and drop 1 floor!
The shaft crumbles and collapses.
Found 23 gold pieces.
Found an escape hatch in the ceiling.
Found a stone staircase leading down. 2 gnolls come into view.
A gnoll is wielding a +2 whip of electrocution.
A goblin comes into view. It is wielding a +0 club.
Found a glowing golden altar of the Shining One.
The orc shouts!
The gnoll shouts!
The orc priest shouts!
The orc shouts! x2
The orc misses you.
The goblin moves out of view.
The gnoll shouts!
There is an escape hatch in the ceiling here.
You hear a shout! x3
The orc closely misses you. The bat hits you but does no damage.
The orc priest barely misses you. The orc closely misses you.
A mysterious force pulls you upwards. The hatch slams shut behind you.
Level annotation: Natasha The white imp gestures at you.
The puff of frost hits you.
You die...

.##..............................
.##.....†............#...........
.##..................#...........
#...........#...........>#.....
#...........#............ .....
######......#.........
#.............#..........
#.........o...# .........
#........@....# .........
#...........### #.....g..
#####.......# #.......# #.......#
#.....!.# #......5#####.......#
########.h.5.......g#
#.h......†...# #............#
#####........#


You could see Natasha, a white imp (summoned) and an orc.

Vanquished Creatures
  Natasha (D:2)
  2 adders (D:2)
  A worm (D:2)
  A dart slug (D:2)
  5 ball pythons
  5 bats
  5 endoplasms
  A giant cockroach (D:2)
  3 goblins (D:1)
  6 hobgoblins
  3 jackals (D:1)
  4 kobolds
  4 quokkas
  4 frilled lizards
  5 rats
50 creatures vanquished.

Vanquished Creatures (others)
  2 plants (D:2)
2 creatures vanquished.

Grand Total: 52 creatures vanquished

Notes
Turn   | Place    | Note
-------+----------+-------------------------------------------
     0 | D:1      | oldriver the Spriggan Hunter began the quest for the Orb.
     0 | D:1      | Reached XP level 1. HP: 10/10 MP: 2/2
    24 | D:1      | Found Mydoteva's Distillery.
   267 | D:1      | Reached skill level 5 in Slings
   294 | D:1      | Reached XP level 2. HP: 15/15 MP: 3/3
   489 | D:1      | Found a faded altar of an unknown god.
   793 | D:1      | Reached XP level 3. HP: 18/18 MP: 4/4
  1644 | D:2      | Reached XP level 4. HP: 23/23 MP: 5/5
  1653 | D:2      | Noticed Natasha
  1657 | D:2      | Killed Natasha
  1683 | D:2      | Noticed Natasha
  1702 | D:2      | You fall into a shaft and drop 1 floor!
  1704 | D:3      | Found a glowing golden altar of the Shining One.
  1706 | D:2      | Killed from afar by a white imp

Illustrated notes

Levels and vault maps discovered:
D:1:      dpeg_arrival_shrine, layout_loops_ring, ebering_ecumenical_altar_rust,
          serial_shops, nicolae_shop_window_shopping
D:2:      cheibrodos_old_hovel, layout_basic, serial_shops, shop,
          nicolae_wormholes, uniq_robin, uniq_natasha
D:3:      layout_basic, mainiacjoe_overflow_alcove_3, minmay_misc_feat_chi,
          st_stairs_13, uniq_jessica, uniq_grinder, uniq_sigmund

Skill      XL: |  1  2  3  4 |
---------------+-------------+-----
Stealth        | 2 3 4 |  4.2
Slings         | 5 |  5.7
Dodging        | 3 |  3.5
Fighting       | 2 |  2.1

Action                   |  1- 3 |  4- 6 || total
-------------------------+-------+-------++-------
 Fire: Hunting sling     |   121 |    12 ||   133
Armor: Robe              |     6 |     2 ||     8
Dodge: Dodged            |    35 |     6 ||    41

Table legend: (Time is in decaauts)
 A = Elapsed time spent in this place.
 B = Non-inter-level travel time spent in this place.
 C = Inter-level travel time spent in this place.
 D = Time resting spent in this place.
 E = Time spent auto-exploring this place.
 F = Levels seen in this place.
 G = Mean time per level.
                   A        B        C        D        E       F      G
               +--------+--------+--------+--------+--------+-----+--------+
         Total |   1403 |   1366 |     37 |    527 |    537 |   3 |  467.7 |
       Dungeon |   1403 |   1366 |     37 |    527 |    537 |   3 |  467.7 |
               +--------+--------+--------+--------+--------+-----+--------+

Top non-repeatable levels by time:
     D:1: 1172 daAuts
     D:2: 226 daAuts
     D:3: 4 daAuts
